 Dungeon Crawl Stone Soup version 0.26.0-10-g1f06aea511 (webtiles) character file.

Game seed: 5524290330267786541

162 vatarom the Ruffian (level 5, -3/47 HPs)
             Began as a Ghoul Monk on Feb 2, 2021.
             Slain by Sigmund
             ... wielding a +0 scythe
              (9 damage)
             ... on level 3 of the Dungeon.
             The game lasted 00:03:57 (2914 turns).

vatarom the Ruffian (Ghoul Monk)                    Turns: 2914, Time: 00:03:58

Health: -3/47      AC:  8    Str: 14 (15) XL:     5   Next: 43%
Magic:  6/6        EV: 11    Int:  5 (6)  God:
Gold:   81         SH:  0    Dex: 10 (11) Spells: 7/7 levels left

rFire    . . .     SeeInvis .     - Unarmed
rCold    + . .     Faith    .   (no shield)
rNeg     + + +     Spirit   .   l - +3 ring mail
rPois    ∞         Reflect  .   f - +0 hat
rElec    .         Harm     .   (no cloak)
rCorr    .         Rampage  .   (no gloves)
Will     .....                  (no boots)
Stlth    +.........             (no amulet)
HPRegen  0.00/turn              n - ring of positive energy
MPRegen  0.10/turn              (no ring)

@: brilliant
A: claws 1, cold resistance 1, negative energy resistance 3, inhibited
regeneration, torment resistance, unbreathing
a: no special abilities


You were on level 3 of the Dungeon.
You visited 1 branch of the dungeon, and saw 3 of its levels.

You collected 81 gold pieces.

Inventory:

Armour
 f - a +0 hat (worn)
 l - a +3 ring mail (worn)
Jewellery
 n - a ring of positive energy (left claw)
 x - an uncursed ring of magical power
Scrolls
 b - a scroll of magic mapping {unknown}
 d - 3 scrolls of identify {unknown}
 e - 3 scrolls of teleportation {unknown}
 g - a scroll of random uselessness {unknown}
 h - 5 scrolls of amnesia {unknown}
 j - a scroll of fear {unknown}
 k - a scroll of blinking {unknown}


   Skills:
 + Level 4.3 Fighting
 - Level 2.6 Dodging
 - Level 2.1 Stealth
 * Level 5.1 Unarmed Combat
 + Level 1.7 Spellcasting


You had 7 spell levels left.
You didn't know any spells.
Your spell library was empty.

Dungeon Overview and Level Annotations

Branches:
Dungeon (3/15)

Altars:
Ashenzari

Annotations:
D:2 1 runed translucent door, Crazy Yiuf
D:3 Sigmund


Innate Abilities, Weirdness & Mutations

You thrive by killing the living.
You are immune to poison.
You have sharp fingernails.
Your flesh is cold resistant. (rC+)
You are immune to negative energy. (rN+++)
You do not regenerate when monsters are visible.
You are immune to unholy pain and torment.
You can survive without breathing.


Message History

You hear some strange, mumbled words.
You are more confused.
It was a potion of brilliance.
You feel clever all of a sudden. Something hits you. Something hits you.
* * * LOW HITPOINT WARNING * * *
You bump into the rock wall.
A puff of flame appears from out of thin air!
The puff of flame hits you but does no damage.
Something hits you.
* * * LOW HITPOINT WARNING * * *
You feel less confused. Something hits you but does no damage.
You see here an adder corpse.
Something hits you.
* * * LOW HITPOINT WARNING * * *
There is a stone staircase leading up here.
Something hits you!
You die...

#.?....... #
#......... #
+......# # #.)..#.#
# #####...(#.#
#.......##.####
#..{...........
#..†...........
#@.............
#)†............
#.).....##.#.##
######.......##.#.#
#...............# #
#.####.......####
#..........#
#.......##.#
#.................#


There were no monsters in sight!

Vanquished Creatures
  5 adders
  3 gnolls (D:3)
  3 oozes
  3 leopard geckos (D:2)
  2 orcs
  2 ball pythons (D:2)
  A giant cockroach (D:3)
  5 goblins (D:2)
  11 hobgoblins
  12 jackals
  A quokka (D:2)
  9 bats
  3 frilled lizards
  A kobold (D:1)
  5 rats
66 creatures vanquished.

Vanquished Creatures (others)
  10 plants (D:2)
10 creatures vanquished.

Grand Total: 76 creatures vanquished

Notes
Turn   | Place    | Note
-------+----------+-------------------------------------------
     0 | D:1      | vatarom the Ghoul Monk began the quest for the Orb.
     0 | D:1      | Reached XP level 1. HP: 19/19 MP: 0/0
   244 | D:1      | Reached XP level 2. HP: 20/26 MP: 1/1
   621 | D:1      | Reached XP level 3. HP: 29/31 MP: 3/3
   662 | D:1      | Reached skill level 4 in Unarmed Combat
  1126 | D:2      | Reached skill level 1 in Spellcasting
  1406 | D:2      | Reached XP level 4. HP: 40/40 MP: 4/4
  1592 | D:2      | Found a broken altar of Ashenzari.
  2111 | D:2      | Found a runed translucent door.
  2112 | D:2      | Noticed Crazy Yiuf
  2333 | D:3      | Noticed Sigmund
  2743 | D:3      | Reached XP level 5. HP: 46/46 MP: 6/6
  2754 | D:3      | Reached skill level 5 in Unarmed Combat
  2914 | D:3      | Slain by Sigmund

Illustrated notes

Levels and vault maps discovered:
D:1:      dpeg_arrival_circle_labyrinth_a, layout_basic
D:2:      layout_loops_cross, general_overflow_altar, serial_forest,
          infiniplex_forest_clump_diagonal, infiniplex_forest_clump_curved,
          infiniplex_forest_clump_diagonal, infiniplex_forest_clump_small,
          infiniplex_forest_lined_3, uniq_crazy_yiuf_cottage
D:3:      layout_basic, uniq_sigmund

Skill      XL: |  1  2  3  4  5 |
---------------+----------------+-----
Unarmed Combat | 4 5 |  5.1
Spellcasting   | 1 |  1.7
Fighting       | 4 |  4.3
Dodging        | |  2.6
Stealth        | |  2.1

Action                   |  1- 3 |  4- 6 || total
-------------------------+-------+-------++-------
Melee: Unarmed           |   100 |   103 ||   203
       Punch             |       |     2 ||     2
Throw: Javelin           |       |     9 ||     9
  Use: Potion            |       |     3 ||     3
 Stab: Sleeping          |     1 |       ||     1
Armor: Robe              |    17 |       ||    17
       Ring mail         |     4 |    53 ||    57
Dodge: Dodged            |    68 |    85 ||   153
